AoeStats
← 280897526

Arabia

510316917Analyzed
1v1 RM · 2d ago on Sep 30, 2026· 117m 15s· 2 players
Game mode
Random Map
Map size
Tiny (2 player)
Population
200
Speed
Normal
Resources
Standard
Victory
Conquest
Starting age
Dark Age
Ending age
Imperial Age
RankedLock teamsTeams togetherTeam positionsShared explorationLock speedFull tech treeHidden civsTurbo modeCheats
Victory
Defeat
🇨🇳 Chinese · China
856
+15
🇮🇹 Spanish · Italy
843
-15
dadamora
5:18 Loom
11:17 Feudal Age
12:59 Town Watch
15:47 Castle Age
15:52 Double-Bit Axe
16:01 Gold Mining
20:01 Horse Collar
21:43 Wheelbarrow
23:20 Redemption
24:30 Hand Cart
24:40 Fervor
24:42 Heavy Plow
25:04 Bow Saw
26:14 Ballistics
31:50 Atonement
34:01 Elite Skirmisher
35:01 Thumb Ring
35:21 Masonry
35:37 Inquisition
36:06 Fletching
36:17 Padded Archer Armor
36:15 Murder Holes
40:19 Imperial Age
42:22 Chemistry
41:53 Architecture
43:44 Supremacy
44:47 Supremacy
45:03 Hoardings
47:24 Two-Man Saw
46:18 Stone Mining
47:21 Bodkin Arrow
47:43 Leather Archer Armor
47:29 Scale Mail Armor
48:07 Bracer
49:41 Elite Conquistador
50:56 Ring Archer Armor
50:39 Forging
54:33 Theocracy
54:24 Illumination
75:20 Pikeman
76:00 Squires
76:54 Iron Casting
76:34 Chain Mail Armor
76:32 Halberdier
77:09 Arson
87:43 Gambesons
89:38 Blast Furnace
89:08 Plate Mail Armor
115:35 Bloodlines
114:47 Light Cavalry
115:56 Scale Barding Armor
280897526
0:45 Loom
13:21 Feudal Age
14:15 Double-Bit Axe
14:18 Horse Collar
17:51 Town Watch
18:42 Wheelbarrow
18:21 Gold Mining
19:33 Stone Mining
25:00 Castle Age
24:32 Fletching
24:44 Padded Archer Armor
26:40 Gold Shaft Mining
26:43 Stone Shaft Mining
26:07 Bodkin Arrow
27:07 Town Patrol
27:12 Heavy Plow
27:30 Leather Archer Armor
28:26 Devotion
29:09 Bloodlines
28:20 Light Cavalry
29:23 Bow Saw
30:08 Sanctity
30:16 Murder Holes
33:32 Imperial Age
32:52 Fervor
34:52 Conscription
34:41 Bracer
35:04 Ballistics
36:23 Chemistry
36:45 Two-Man Saw
38:02 Sappers
40:24 Ring Archer Armor
40:22 Great Wall
42:00 Masonry
42:46 Block Printing
45:29 Architecture
44:42 Capped Ram
46:06 Hand Cart
50:21 Rocketry
51:14 Arrowslits
51:03 Heavy Rocket Cart
55:34 Bombard Tower
55:50 Guard Tower
58:03 Elite Chu Ko Nu
60:33 Faith
60:47 Husbandry
60:07 Cavalier
61:51 Scale Barding Armor
61:57 Forging
63:23 Elite Skirmisher
64:09 Thumb Ring
64:27 Chain Barding Armor
65:12 Iron Casting
68:53 Crossbowman
72:22 Plate Barding Armor
73:39 Blast Furnace
73:35 Keep
81:55 Arbalester
93:13 Scale Mail Armor
95:30 Illumination
95:40 Theocracy
99:01 Fortified Wall
102:31 Chain Mail Armor
114:31 Siege Ram
Connection lost

Rejoining the realm…

Still unreachable

The connection could not be restored.

Session expired

The server has moved on; the page needs a fresh start.